Senators vs Sewer Rats
Created - February 9, 2021 at 20:30
Goals
|
| Senators |
0 |
1 |
0 |
1 |
| Sewer Rats |
0 |
2 |
1 |
3 |
|
Shots
|
| Senators |
15 |
20 |
7 |
42 |
| Sewer Rats |
8 |
10 |
7 |
25 |
|
1st period
No Goal
Penalties :
Philippe Myers (BIN) for Elbowing (Minor) at 2:52, Grant Besse (BIN) for Hooking (Minor) at 10:45, Jack Dougherty (BIN) for Tripping (Minor) at 13:26
2nd period
1. Senators , Nick Foligno 23 (Dylan Blujus 14, Jordan Schroeder 16) at 0:12
2. Sewer Rats , Mark Mancari 36 (Vincent Trocheck 40, Daniel Carr 29) at 2:40 (PP)
3. Sewer Rats , Jonathan Marchessault 16 (Joseph Blandisi 13, Erik Condra 24) at 13:28
Penalties :
Zachary Sanford (BIN) for Holding (Minor) at 2:25, Daniel Carr (Tol) for Holding (Minor) at 10:10, Jonathan Ferland (BIN) for Holding (Minor) at 18:00
3rd period
4. Sewer Rats , Thomas Chabot 7 (Vincent Trocheck 41) at 12:51
Penalties :
Jarred Tinordi (Tol) for Interference (Minor) at 15:24, Drake Caggiula (Tol) for Tripping (Minor) at 18:05
Goalie Stats
Justin Peters (BIN), 22 saves from 25 shots - (0.880), L, 19-18-3, 60:00 minutes
Darcy Kuemper (Tol), 41 saves from 42 shots - (0.976), W, 7-7-1, 60:00 minutes
Players Stats for Senators
Player Name G A P +/- PIM S H SB GA TA FO MP PP MP PK MP
------------------------------------------------------------------------------------
A.J. Jenks 0 0 0 -1 0 0 1 0 0 0 0/0 6:04 0:00 0:00
Adam Ollas-Mattsson 0 0 0 -1 0 0 0 2 0 0 0/0 12:16 0:00 1:36
Anthony Richard 0 0 0 -1 0 1 0 0 0 0 1/3 6:04 0:00 0:00
Blake Coleman 0 0 0 0 0 0 0 0 0 0 0/0 0:00 0:00 0:00
Branden Troock 0 0 0 0 0 0 0 0 0 0 0/0 0:00 0:00 0:00
Brett Bulmer 0 0 0 -1 0 0 2 0 0 0 0/0 6:04 0:00 0:00
Chandler Stephenson 0 0 0 0 0 0 0 0 1 2 5/7 9:42 0:00 0:00
Dylan Blujus 0 1 1 0 0 4 1 1 0 3 0/0 27:32 4:03 4:59
Grant Besse 0 0 0 0 2 1 1 0 0 1 0/0 9:48 0:00 0:00
Jack Dougherty 0 0 0 0 2 2 3 0 0 0 0/0 18:58 1:49 2:26
Jake Evans 0 0 0 0 0 0 0 0 0 0 0/0 0:00 0:00 0:00
Joel Eriksson Ek 0 0 0 0 0 0 0 0 0 0 1/1 1:44 0:00 1:15
Jonathan Ferland 0 0 0 0 2 5 1 0 0 0 3/9 22:19 3:33 3:34
Joonas Lyytinen 0 0 0 -1 0 1 0 0 0 0 0/0 10:11 0:00 0:00
Jordan Schroeder 0 1 1 0 0 6 2 0 0 0 20/35 19:28 3:33 0:49
Keegan Lowe 0 0 0 0 0 2 2 3 0 1 0/0 29:47 4:03 4:59
Kevin Rooney 0 0 0 0 0 1 1 0 4 0 7/13 17:13 2:19 0:25
Kyle Connor 0 0 0 0 0 1 0 0 0 0 0/0 0:28 0:00 0:28
Mason Geertsen 0 0 0 0 0 1 0 0 0 0 0/0 2:32 0:00 0:00
Nick Foligno 1 0 1 0 0 6 1 0 0 0 1/1 23:18 3:33 4:32
Philippe Myers 0 0 0 0 2 1 1 0 1 3 0/0 19:11 1:49 2:22
Tomas Jurco 0 0 0 0 0 5 0 0 1 0 1/2 18:56 2:19 2:08
Warren Foegele 0 0 0 0 0 0 0 0 0 0 0/0 0:00 0:00 0:00
Zachary Sanford 0 0 0 0 2 3 0 0 0 0 0/0 9:41 0:00 0:00
Zemgus Girgensons 0 0 0 0 0 2 3 1 2 1 0/0 20:28 2:19 3:11
Players Stats for Sewer Rats
Player Name G A P +/- PIM S H SB GA TA FO MP PP MP PK MP
------------------------------------------------------------------------------------
Anthony Duclair 0 0 0 0 0 1 2 0 0 0 0/0 9:58 0:00 0:00
Connor Carrick 0 0 0 0 0 0 0 2 0 0 0/0 3:22 0:00 0:00
Daniel Carr 0 1 1 0 2 2 1 0 3 0 3/3 22:13 4:41 2:15
Dmitrij Jaskin 0 0 0 0 0 4 2 0 1 1 0/0 9:58 0:00 0:00
Drake Caggiula 0 0 0 0 2 0 1 0 0 0 1/7 9:57 0:00 0:00
Erik Condra 0 1 1 1 0 4 0 0 0 1 1/2 17:08 3:30 1:01
Jared McCann 0 0 0 0 0 0 0 1 0 0 0/0 7:54 0:00 0:00
Jarred Tinordi 0 0 0 -1 2 1 3 1 3 0 0/0 24:04 4:07 2:29
Joel Edmundson 0 0 0 -1 0 1 0 2 0 3 0/0 25:24 4:07 3:58
John Ramage 0 0 0 0 0 1 1 0 1 1 0/0 19:56 4:04 1:54
Jonathan Marchessault 1 0 1 1 0 3 3 0 0 0 2/8 16:07 3:30 0:00
Joseph Blandisi 0 1 1 1 0 1 1 0 0 1 0/0 17:49 3:30 1:32
Mark Mancari 1 0 1 0 0 3 3 0 1 0 0/2 20:56 4:41 1:01
Nick Cousins 0 0 0 0 0 1 0 0 0 0 1/3 10:10 0:00 2:02
Ryan Murphy 0 0 0 0 0 0 1 1 0 1 0/0 19:56 4:04 1:54
Stefan Elliott 0 0 0 2 0 0 0 0 1 1 0/0 11:18 0:00 0:00
Thomas Chabot 1 0 1 2 0 1 1 1 1 0 0/0 12:47 0:00 1:29
Vincent Trocheck 0 2 2 0 0 1 1 0 0 0 24/44 23:52 4:41 3:53
Xavier Ouellet 0 0 0 0 0 0 0 0 0 0 0/0 3:22 0:00 0:00
Zach Aston-Reese 0 0 0 0 0 1 0 0 0 0 0/2 7:54 0:00 0:00
3 Stars
1 - Darcy Kuemper (Tol)
2 - Thomas Chabot (Tol)
3 - Jonathan Marchessault (Tol)
Power Play
Senators - 0 on 3 Attempt(s) - 0.00%
Sewer Rats - 1 on 5 Attempt(s) - 20.00%
Penalty Kill
Senators - 4 on 5 Attempt(s) - 80.00%
- Score 0 goal in Penalty Kill
Sewer Rats - 3 on 3 Attempt(s) - 100.00%
- Score 0 goal in Penalty Kill
Team Stat
Senators - Hits : 19 - Faceoff Wins : 39 - Blocked Shots : 7 - Penalty Minutes : 10
Sewer Rats - Hits : 20 - Faceoff Wins : 32 - Blocked Shots : 8 - Penalty Minutes : 6
Official
Referees : Unknown
Linesman : Unknown
Game Notes
No Game Note
Finance
Level 1 -- Attendance: 1486 (74.30%) -- Ticket Income $52,010
Level 2 -- Attendance: 849 (84.90%) -- Ticket Income $14,433
Total Attendance: 2335 (77.83%)
Total Ticket Income: $66,443
Other Income: $3,322
Total Income: $69,765
Senators
5 vs 5 Forward
Center Left Wing Right Wing Time % Phy DF OF
1 Jordan Schroeder Nick Foligno Jonathan Ferland 40 1 2 2
2 Kevin Rooney Zemgus Girgensons Tomas Jurco 30 1 2 2
3 Chandler Stephenson Zachary Sanford Grant Besse 20 1 2 2
4 Anthony Richard A.J. Jenks Brett Bulmer 10 1 2 2
5 vs 5 Defense
Defense Defense Time % Phy DF OF
1 Keegan Lowe Dylan Blujus 40 1 2 2
2 Jack Dougherty Philippe Myers 30 1 2 2
3 Joonas Lyytinen Adam Ollas-Mattsson 20 1 2 2
4 Mason Geertsen Keegan Lowe 10 1 2 2
PowerPlay Forward
Center Left Wing Right Wing Time % Phy DF OF
1 Jordan Schroeder Nick Foligno Jonathan Ferland 60 1 2 2
2 Kevin Rooney Zemgus Girgensons Tomas Jurco 40 1 2 2
PowerPlay Defense
Defense Defense Time % Phy DF OF
1 Keegan Lowe Dylan Blujus 60 1 2 2
2 Jack Dougherty Philippe Myers 40 1 2 2
Penalty Kill 4 Players Forward
Center Wing Time % Phy DF OF
1 Jonathan Ferland Nick Foligno 60 1 2 2
2 Tomas Jurco Zemgus Girgensons 40 1 2 2
Penalty Kill 4 Players Defense
Defense Defense Time % Phy DF OF
1 Keegan Lowe Dylan Blujus 60 1 2 2
2 Jack Dougherty Philippe Myers 40 1 2 2
Penalty Kill - 3 Players Forward
Forward Time % Phy DF OF
1 Jonathan Ferland 60 1 2 2
2 Nick Foligno 40 1 2 2
Penalty Kill - 3 Players Defense
Defense Defense Time % Phy DF OF
1 Keegan Lowe Dylan Blujus 60 1 2 2
2 Jack Dougherty Philippe Myers 40 1 2 2
4 vs 4 Forward
Center Wing Time % Phy DF OF
1 Jonathan Ferland Nick Foligno 60 1 2 2
2 Tomas Jurco Zemgus Girgensons 40 1 2 2
4 vs 4 Defense
Defense Defense Time % Phy DF OF
1 Keegan Lowe Dylan Blujus 60 1 2 2
2 Jack Dougherty Philippe Myers 40 1 2 2
Last Minutes Offensive
Center Left Wing Right Wing Defense Defense
Jordan Schroeder Nick Foligno Jonathan Ferland Keegan Lowe Dylan Blujus
Last Minutes Defensive
Center Left Wing Right Wing Defense Defense
Jordan Schroeder Nick Foligno Jonathan Ferland Keegan Lowe Dylan Blujus
Goaltenders
Starting : Justin Peters
Backup : Sami Aittokallio
Extra Forwards
Normal : Kyle Connor, Jake Evans, Joel Eriksson Ek - PP : Kyle Connor, Jake Evans - PK : Joel Eriksson Ek
Extra Defensemen
Normal : Joonas Lyytinen, Adam Ollas-Mattsson, Mason Geertsen - PP : Joonas Lyytinen - PK : Adam Ollas-Mattsson, Mason Geertsen
Penalty Shots
Jonathan Ferland, Nick Foligno, Tomas Jurco, Zemgus Girgensons, Zachary Sanford
Scratches
Zach Nastasiuk (Healthy), Jonas Siegenthaler (Healthy), Scott Harrington (Sprained Left Knee Injury), Nathan Gerbe (Torn Right MCL Injury), Gustav Forsling (Healthy)
Eric Mestery (Bruised Right Shoulder Injury), Maxim Letunov (Healthy), Pontus Sjalin (Healthy), Keven Bouchard (Healthy)
Sewer Rats
5 vs 5 Forward
Center Left Wing Right Wing Time % Phy DF OF
1 Vincent Trocheck Daniel Carr Mark Mancari 40 1 2 2
2 Jonathan Marchessault Joseph Blandisi Erik Condra 30 1 2 2
3 Drake Caggiula Anthony Duclair Dmitrij Jaskin 20 1 2 2
4 Zach Aston-Reese Jared McCann Nick Cousins 10 1 2 2
5 vs 5 Defense
Defense Defense Time % Phy DF OF
1 Joel Edmundson Jarred Tinordi 35 1 2 2
2 John Ramage Ryan Murphy 30 1 2 2
3 Stefan Elliott Thomas Chabot 25 1 2 2
4 Xavier Ouellet Connor Carrick 10 1 2 2
PowerPlay Forward
Center Left Wing Right Wing Time % Phy DF OF
1 Vincent Trocheck Daniel Carr Mark Mancari 60 1 2 2
2 Jonathan Marchessault Joseph Blandisi Erik Condra 40 1 2 2
PowerPlay Defense
Defense Defense Time % Phy DF OF
1 Joel Edmundson Jarred Tinordi 60 1 2 2
2 John Ramage Ryan Murphy 40 1 2 2
Penalty Kill 4 Players Forward
Center Wing Time % Phy DF OF
1 Vincent Trocheck Daniel Carr 60 1 2 2
2 Mark Mancari Erik Condra 40 1 2 2
Penalty Kill 4 Players Defense
Defense Defense Time % Phy DF OF
1 Joel Edmundson Jarred Tinordi 60 1 2 2
2 John Ramage Ryan Murphy 40 1 2 2
Penalty Kill - 3 Players Forward
Forward Time % Phy DF OF
1 Vincent Trocheck 60 1 2 2
2 Daniel Carr 40 1 2 2
Penalty Kill - 3 Players Defense
Defense Defense Time % Phy DF OF
1 Joel Edmundson Jarred Tinordi 60 1 2 2
2 John Ramage Ryan Murphy 40 1 2 2
4 vs 4 Forward
Center Wing Time % Phy DF OF
1 Vincent Trocheck Daniel Carr 60 1 2 2
2 Mark Mancari Erik Condra 40 1 2 2
4 vs 4 Defense
Defense Defense Time % Phy DF OF
1 Joel Edmundson Jarred Tinordi 60 1 2 2
2 John Ramage Ryan Murphy 40 1 2 2
Last Minutes Offensive
Center Left Wing Right Wing Defense Defense
Vincent Trocheck Daniel Carr Mark Mancari Joel Edmundson Jarred Tinordi
Last Minutes Defensive
Center Left Wing Right Wing Defense Defense
Vincent Trocheck Daniel Carr Mark Mancari Joel Edmundson Jarred Tinordi
Goaltenders
Starting : Darcy Kuemper
Backup : Marek Mazanek
Extra Forwards
Normal : Jared McCann, Dmitrij Jaskin, Nick Cousins - PP : Jared McCann, Dmitrij Jaskin - PK : Nick Cousins
Extra Defensemen
Normal : Connor Carrick, Thomas Chabot, Xavier Ouellet - PP : Connor Carrick - PK : Thomas Chabot, Xavier Ouellet
Penalty Shots
Vincent Trocheck, Daniel Carr, Mark Mancari, Erik Condra, Jonathan Marchessault
Scratches
Dominik Kubalik (Healthy), Josh Archibald (Healthy), Jonathan Racine (Healthy), Tyler Motte (Healthy), Chris Calhan (Healthy)
Mark Friedman (Healthy), Michael Dal Colle (Healthy), Matteson Iacopelli (Healthy), Adin Hill (Healthy), Antoine Bibeau (Healthy)
% Time on Ice - Senators
Lines # - Real PCT - Wanted PCT - Time Play
Normal Forward
1 - 34% - 40% - 15:42
2 - 32% - 30% - 14:29
3 - 21% - 20% - 9:42
4 - 13% - 10% - 6:04
Normal Defense
1 - 40% - 40% - 18:30
2 - 32% - 30% - 14:44
3 - 22% - 20% - 10:11
4 - 6% - 10% - 2:32
PP Forward
1 - 61% - 60% - 3:33
2 - 39% - 40% - 2:19
PP Defense
1 - 69% - 60% - 4:03
2 - 31% - 40% - 1:49
PK Forward
1 - 74% - 60% - 6:03
2 - 26% - 40% - 2:08
PK Defense
1 - 61% - 60% - 4:59
2 - 39% - 40% - 3:12
PK3 Forward
1 - 0% - 60%
2 - 0% - 40%
PK3 Defense
1 - 0% - 60%
2 - 0% - 40%
44 Forward
1 - 0% - 60%
2 - 0% - 40%
44 Defense
1 - 0% - 60%
2 - 0% - 40%
Last Minute Offensive - 0:00
Last Minute Defensive - 0:00
Total
Forward - 60:00
Defense - 60:00
|
% Time on Ice - Sewer Rats
Lines # - Real PCT - Wanted PCT - Time Play
Normal Forward
1 - 34% - 40% - 15:28
2 - 27% - 30% - 12:37
3 - 22% - 20% - 9:58
4 - 17% - 10% - 7:54
Normal Defense
1 - 38% - 35% - 17:19
2 - 30% - 30% - 13:58
3 - 25% - 25% - 11:18
4 - 7% - 10% - 3:22
PP Forward
1 - 57% - 60% - 4:41
2 - 43% - 40% - 3:30
PP Defense
1 - 50% - 60% - 4:07
2 - 50% - 40% - 4:04
PK Forward
1 - 83% - 60% - 4:51
2 - 17% - 40% - 1:01
PK Defense
1 - 68% - 60% - 3:58
2 - 32% - 40% - 1:54
PK3 Forward
1 - 0% - 60%
2 - 0% - 40%
PK3 Defense
1 - 0% - 60%
2 - 0% - 40%
44 Forward
1 - 0% - 60%
2 - 0% - 40%
44 Defense
1 - 0% - 60%
2 - 0% - 40%
Last Minute Offensive - 0:00
Last Minute Defensive - 0:00
Total
Forward - 60:00
Defense - 60:00
|
Play-by-Play
1st period
0:01 of 1st period - Vincent Trocheck wins face-off versus Jordan Schroeder in neutral zone.
0:41 of 1st period - Snap shot by Jordan Schroeder.
0:41 of 1st period - Stopped by Darcy Kuemper with a rebound.
0:43 of 1st period - Wrist shot by Jordan Schroeder.
0:43 of 1st period - Stopped by Darcy Kuemper without a rebound.
0:44 of 1st period - Kevin Rooney wins face-off versus Jonathan Marchessault in Sewer Rats zone.
1:09 of 1st period - John Ramage is hit by Grant Besse and loses puck.
1:59 of 1st period - Icing by Philippe Myers.
2:00 of 1st period - Jonathan Marchessault wins face-off versus Kevin Rooney in Senators zone.
2:01 of 1st period - Snap shot by Erik Condra.
2:01 of 1st period - Stopped by Justin Peters with a rebound.
2:15 of 1st period - Wrist shot by Zemgus Girgensons.
2:15 of 1st period - Stopped by Darcy Kuemper without a rebound.
2:16 of 1st period - Vincent Trocheck wins face-off versus Jonathan Ferland in Sewer Rats zone.
2:16 of 1st period - Vincent Trocheck is hit by Nick Foligno.
2:24 of 1st period - Jonathan Ferland is hit by Daniel Carr.
2:28 of 1st period - Snap shot by Jonathan Ferland.
2:28 of 1st period - Shot Misses the Net.
2:30 of 1st period - Snap shot by Dylan Blujus.
2:30 of 1st period - Deflect By Thomas Chabot.
2:30 of 1st period - Stopped by Darcy Kuemper with a rebound.
2:32 of 1st period - Wrist shot by Jordan Schroeder.
2:32 of 1st period - Shot Misses the Net.
2:49 of 1st period - Snap shot by Jonathan Marchessault.
2:49 of 1st period - Stopped by Justin Peters without a rebound.
2:50 of 1st period - Tomas Jurco wins face-off versus Drake Caggiula in Senators zone.
2:52 of 1st period - Minor Penalty to Philippe Myers for Elbowing.
2:53 of 1st period - Vincent Trocheck wins face-off versus Jonathan Ferland in Senators zone.
3:03 of 1st period - Snap shot by Daniel Carr.
3:03 of 1st period - Shot Misses the Net.
3:05 of 1st period - Slapshot by Joel Edmundson.
3:05 of 1st period - Stopped by Justin Peters with a rebound.
4:52 of 1st period - Penalty to Philippe Myers is over, Philippe Myers is back on ice.
4:55 of 1st period - Snap shot by Kyle Connor.
4:55 of 1st period - Stopped by Darcy Kuemper with a rebound.
5:03 of 1st period - Backhand shot by Chandler Stephenson.
5:03 of 1st period - Shot Misses the Net.
5:05 of 1st period - Snap shot by Zachary Sanford.
5:05 of 1st period - Stopped by Darcy Kuemper with a rebound.
5:17 of 1st period - Ryan Murphy is hit by Brett Bulmer and loses puck.
5:46 of 1st period - Thomas Chabot is hit by Jack Dougherty and loses puck.
6:15 of 1st period - Nick Cousins is hit by Zemgus Girgensons and loses puck.
6:34 of 1st period - Thomas Chabot is hit by A.J. Jenks and loses puck.
6:47 of 1st period - Wrist shot by Jonathan Marchessault.
6:47 of 1st period - Deflect By Erik Condra.
6:47 of 1st period - Shot Misses the Net.
6:47 of 1st period - Puck is out of play.
6:48 of 1st period - Jordan Schroeder wins face-off versus Erik Condra in Senators zone.
7:45 of 1st period - Wrist shot by Tomas Jurco.
7:45 of 1st period - Stopped by Darcy Kuemper with a rebound.
7:47 of 1st period - Wrist shot by Joonas Lyytinen.
7:47 of 1st period - Stopped by Darcy Kuemper without a rebound.
7:48 of 1st period - Jordan Schroeder wins face-off versus Jonathan Marchessault in Sewer Rats zone.
8:14 of 1st period - Keegan Lowe is hit by Mark Mancari and loses puck.
8:57 of 1st period - Backhand shot by Zemgus Girgensons.
8:57 of 1st period - Shot Misses the Net.
9:17 of 1st period - Snap shot by Zemgus Girgensons.
9:17 of 1st period - Shot Blocked by Connor Carrick.
9:21 of 1st period - Wrist shot by Jonathan Ferland.
9:21 of 1st period - Stopped by Darcy Kuemper with a rebound.
9:23 of 1st period - Slapshot by Jonathan Ferland.
9:23 of 1st period - Shot Misses the Net.
9:25 of 1st period - Slapshot by Jonathan Ferland.
9:25 of 1st period - Stopped by Darcy Kuemper without a rebound.
9:26 of 1st period - Jordan Schroeder wins face-off versus Vincent Trocheck in Sewer Rats zone.
9:33 of 1st period - Snap shot by Vincent Trocheck.
9:33 of 1st period - Stopped by Justin Peters without a rebound.
9:34 of 1st period - Daniel Carr wins face-off versus Jordan Schroeder in Senators zone.
10:23 of 1st period - Wrist shot by Anthony Duclair.
10:23 of 1st period - Stopped by Justin Peters without a rebound.
10:24 of 1st period - Drake Caggiula wins face-off versus Chandler Stephenson in Senators zone.
10:35 of 1st period - Snap shot by Dmitrij Jaskin.
10:35 of 1st period - Shot Misses the Net.
10:45 of 1st period - Minor Penalty to Grant Besse for Hooking.
10:46 of 1st period - Vincent Trocheck wins face-off versus Jonathan Ferland in Senators zone.
10:47 of 1st period - Snap shot by Mark Mancari.
10:47 of 1st period - Shot Misses the Net.
10:49 of 1st period - Slapshot by Jarred Tinordi.
10:49 of 1st period - Stopped by Justin Peters with a rebound.
10:57 of 1st period - Snap shot by Daniel Carr.
10:57 of 1st period - Deflect By Keegan Lowe.
10:57 of 1st period - Shot Blocked by Keegan Lowe.
10:57 of 1st period - Puck is out of play.
10:58 of 1st period - Daniel Carr wins face-off versus Jonathan Ferland in Senators zone.
11:23 of 1st period - Jonathan Ferland is hit by Jonathan Marchessault.
11:29 of 1st period - Snap shot by Joseph Blandisi.
11:29 of 1st period - Shot Misses the Net.
11:31 of 1st period - Slapshot by Erik Condra.
11:31 of 1st period - Stopped by Justin Peters without a rebound.
11:32 of 1st period - Vincent Trocheck wins face-off versus Tomas Jurco in Senators zone.
11:58 of 1st period - Jonathan Marchessault is hit by Philippe Myers and loses puck.
12:45 of 1st period - Penalty to Grant Besse is over, Grant Besse is back on ice.
12:55 of 1st period - Slapshot by Keegan Lowe.
12:55 of 1st period - Shot Misses the Net.
13:05 of 1st period - Snap shot by Dmitrij Jaskin.
13:05 of 1st period - Stopped by Justin Peters without a rebound.
13:06 of 1st period - Kevin Rooney wins face-off versus Jonathan Marchessault in Senators zone.
13:26 of 1st period - Minor Penalty to Jack Dougherty for Tripping.
13:27 of 1st period - Vincent Trocheck wins face-off versus Jonathan Ferland in Senators zone.
14:41 of 1st period - Icing by Daniel Carr.
14:42 of 1st period - Vincent Trocheck wins face-off versus Jonathan Ferland in Sewer Rats zone.
15:26 of 1st period - Penalty to Jack Dougherty is over, Jack Dougherty is back on ice.
15:54 of 1st period - Wrist shot by Jack Dougherty.
15:54 of 1st period - Deflect By Jarred Tinordi.
15:54 of 1st period - Shot Blocked by Jared McCann.
15:54 of 1st period - Puck is out of play.
15:55 of 1st period - Chandler Stephenson wins face-off versus Drake Caggiula in Sewer Rats zone.
16:00 of 1st period - Slapshot by Grant Besse.
16:00 of 1st period - Stopped by Darcy Kuemper with a rebound.
16:02 of 1st period - Slapshot by Dylan Blujus.
16:02 of 1st period - Stopped by Darcy Kuemper with a rebound.
16:20 of 1st period - Stefan Elliott is hit by Brett Bulmer and loses puck.
16:49 of 1st period - Wrist shot by Vincent Trocheck.
16:49 of 1st period - Shot Misses the Net.
16:55 of 1st period - Wrist shot by Daniel Carr.
16:55 of 1st period - Shot Blocked by Adam Ollas-Mattsson.
17:29 of 1st period - Slapshot by Tomas Jurco.
17:29 of 1st period - Shot Blocked by Joel Edmundson.
17:37 of 1st period - Snap shot by Tomas Jurco.
17:37 of 1st period - Stopped by Darcy Kuemper with a rebound.
17:49 of 1st period - Slapshot by Vincent Trocheck.
17:49 of 1st period - Shot Misses the Net.
17:51 of 1st period - Slapshot by Joel Edmundson.
17:51 of 1st period - Shot Misses the Net.
18:33 of 1st period - Zachary Sanford is hit by Drake Caggiula and loses puck.
18:46 of 1st period - Vincent Trocheck is hit by Jack Dougherty.
19:22 of 1st period - Wrist shot by Anthony Richard.
19:22 of 1st period - Stopped by Darcy Kuemper with a rebound.
19:24 of 1st period - Slapshot by Mason Geertsen.
19:24 of 1st period - Stopped by Darcy Kuemper without a rebound.
19:25 of 1st period - Vincent Trocheck wins face-off versus Kevin Rooney in Sewer Rats zone.
19:25 of 1st period - Vincent Trocheck is hit by Zemgus Girgensons.
19:35 of 1st period - Snap shot by Tomas Jurco.
19:35 of 1st period - Shot Misses the Net.
19:55 of 1st period - Snap shot by Anthony Duclair.
19:55 of 1st period - Shot Misses the Net.
19:57 of 1st period - Backhand shot by Dmitrij Jaskin.
19:57 of 1st period - Shot Misses the Net.
19:59 of 1st period - Slapshot by Drake Caggiula.
19:59 of 1st period - Shot Blocked by Zemgus Girgensons.
Goals for this period are 0 for Senators vs 0 for Sewer Rats.
Shots for this period are 15 for Senators vs 8 for Sewer Rats.
2nd period
0:01 of 2nd period - Jordan Schroeder wins face-off versus Vincent Trocheck in neutral zone.
0:08 of 2nd period - Snap shot by Jordan Schroeder.
0:08 of 2nd period - Stopped by Darcy Kuemper with a rebound.
0:10 of 2nd period - Slapshot by Dylan Blujus.
0:10 of 2nd period - Shot Blocked by Joel Edmundson.
0:12 of 2nd period - Snap shot by Nick Foligno.
0:12 of 2nd period - Goal by Nick Foligno - Senators : 1 - Sewer Rats : 0.
0:13 of 2nd period - Vincent Trocheck wins face-off versus Jordan Schroeder in neutral zone.
1:00 of 2nd period - Jack Dougherty is hit by Anthony Duclair and loses puck.
1:31 of 2nd period - Slapshot by Jordan Schroeder.
1:31 of 2nd period - Shot Misses the Net.
1:51 of 2nd period - Snap shot by Zach Aston-Reese.
1:51 of 2nd period - Stopped by Justin Peters with a rebound.
2:03 of 2nd period - John Ramage is hit by Zemgus Girgensons and loses puck.
2:25 of 2nd period - Minor Penalty to Zachary Sanford for Holding.
2:26 of 2nd period - Jonathan Ferland wins face-off versus Vincent Trocheck in Senators zone.
2:40 of 2nd period - Snap shot by Mark Mancari.
2:40 of 2nd period - Goal by Mark Mancari - Senators : 1 - Sewer Rats : 1.
2:41 of 2nd period - Vincent Trocheck wins face-off versus Jordan Schroeder in neutral zone.
2:50 of 2nd period - Snap shot by Mark Mancari.
2:50 of 2nd period - Shot Misses the Net.
2:56 of 2nd period - Snap shot by Nick Foligno.
2:56 of 2nd period - Shot Misses the Net.
3:16 of 2nd period - Off-side.
3:17 of 2nd period - Jordan Schroeder wins face-off versus Mark Mancari in neutral zone.
3:22 of 2nd period - Snap shot by Nick Foligno.
3:22 of 2nd period - Stopped by Darcy Kuemper with a rebound.
3:32 of 2nd period - Wrist shot by Daniel Carr.
3:32 of 2nd period - Stopped by Justin Peters with a rebound.
3:47 of 2nd period - Keegan Lowe is hit by Jonathan Marchessault and loses puck.
4:10 of 2nd period - Snap shot by Dmitrij Jaskin.
4:10 of 2nd period - Shot Misses the Net.
4:15 of 2nd period - Icing by Jack Dougherty.
4:16 of 2nd period - Vincent Trocheck wins face-off versus Anthony Richard in Senators zone.
4:22 of 2nd period - Slapshot by Vincent Trocheck.
4:22 of 2nd period - Shot Misses the Net.
4:24 of 2nd period - Backhand shot by John Ramage.
4:24 of 2nd period - Stopped by Justin Peters with a rebound.
4:42 of 2nd period - Philippe Myers is hit by Jonathan Marchessault and loses puck.
4:59 of 2nd period - Wrist shot by Nick Cousins.
4:59 of 2nd period - Stopped by Justin Peters with a rebound.
5:06 of 2nd period - Off-side.
5:07 of 2nd period - Jordan Schroeder wins face-off versus Vincent Trocheck in neutral zone.
6:16 of 2nd period - Icing by Tomas Jurco.
6:17 of 2nd period - Jordan Schroeder wins face-off versus Drake Caggiula in Senators zone.
6:33 of 2nd period - Off-side.
6:34 of 2nd period - Vincent Trocheck wins face-off versus Chandler Stephenson in neutral zone.
8:04 of 2nd period - Wrist shot by Mark Mancari.
8:04 of 2nd period - Shot Misses the Net.
8:28 of 2nd period - Wrist shot by Erik Condra.
8:28 of 2nd period - Shot Blocked by Dylan Blujus.
8:42 of 2nd period - Philippe Myers is hit by Thomas Chabot and loses puck.
8:49 of 2nd period - Snap shot by Jack Dougherty.
8:49 of 2nd period - Stopped by Darcy Kuemper without a rebound.
8:50 of 2nd period - Jordan Schroeder wins face-off versus Vincent Trocheck in Sewer Rats zone.
8:55 of 2nd period - Slapshot by Jonathan Ferland.
8:55 of 2nd period - Stopped by Darcy Kuemper without a rebound.
8:56 of 2nd period - Jordan Schroeder wins face-off versus Vincent Trocheck in Sewer Rats zone.
8:59 of 2nd period - Backhand shot by Jordan Schroeder.
8:59 of 2nd period - Shot Misses the Net.
9:01 of 2nd period - Snap shot by Nick Foligno.
9:01 of 2nd period - Shot Misses the Net.
9:03 of 2nd period - Wrist shot by Nick Foligno.
9:03 of 2nd period - Stopped by Darcy Kuemper without a rebound.
9:04 of 2nd period - Vincent Trocheck wins face-off versus Jordan Schroeder in Sewer Rats zone.
9:19 of 2nd period - Backhand shot by Vincent Trocheck.
9:19 of 2nd period - Shot Misses the Net.
10:01 of 2nd period - Slapshot by Dmitrij Jaskin.
10:01 of 2nd period - Stopped by Justin Peters without a rebound.
10:02 of 2nd period - Jordan Schroeder wins face-off versus Mark Mancari in Senators zone.
10:10 of 2nd period - Minor Penalty to Daniel Carr for Holding.
10:11 of 2nd period - Jordan Schroeder wins face-off versus Nick Cousins in Sewer Rats zone.
10:21 of 2nd period - Snap shot by Jordan Schroeder.
10:21 of 2nd period - Stopped by Darcy Kuemper without a rebound.
10:22 of 2nd period - Jonathan Ferland wins face-off versus Vincent Trocheck in Sewer Rats zone.
10:57 of 2nd period - Icing by Keegan Lowe.
10:58 of 2nd period - Vincent Trocheck wins face-off versus Kevin Rooney in Senators zone.
11:13 of 2nd period - Slapshot by Jonathan Ferland.
11:13 of 2nd period - Stopped by Darcy Kuemper with a rebound.
11:15 of 2nd period - Snap shot by Jonathan Ferland.
11:15 of 2nd period - Shot Misses the Net.
11:17 of 2nd period - Backhand shot by Jordan Schroeder.
11:17 of 2nd period - Stopped by Darcy Kuemper without a rebound.
11:18 of 2nd period - Nick Cousins wins face-off versus Jordan Schroeder in Sewer Rats zone.
11:39 of 2nd period - Slapshot by Philippe Myers.
11:39 of 2nd period - Stopped by Darcy Kuemper with a rebound.
11:41 of 2nd period - Slapshot by Dylan Blujus.
11:41 of 2nd period - Stopped by Darcy Kuemper with a rebound.
11:43 of 2nd period - Snap shot by Jonathan Ferland.
11:43 of 2nd period - Stopped by Darcy Kuemper with a rebound.
11:45 of 2nd period - Slapshot by Keegan Lowe.
11:45 of 2nd period - Stopped by Darcy Kuemper without a rebound.
11:46 of 2nd period - Kevin Rooney wins face-off versus Vincent Trocheck in Sewer Rats zone.
11:51 of 2nd period - Slapshot by Zemgus Girgensons.
11:51 of 2nd period - Stopped by Darcy Kuemper without a rebound.
11:52 of 2nd period - Vincent Trocheck wins face-off versus Kevin Rooney in Sewer Rats zone.
12:03 of 2nd period - Wrist shot by Tomas Jurco.
12:03 of 2nd period - Stopped by Darcy Kuemper without a rebound.
12:04 of 2nd period - Jordan Schroeder wins face-off versus Vincent Trocheck in Sewer Rats zone.
12:10 of 2nd period - Penalty to Daniel Carr is over, Daniel Carr is back on ice.
12:13 of 2nd period - Wrist shot by Nick Foligno.
12:13 of 2nd period - Stopped by Darcy Kuemper without a rebound.
12:14 of 2nd period - Jordan Schroeder wins face-off versus Vincent Trocheck in Sewer Rats zone.
12:47 of 2nd period - Slapshot by Jonathan Marchessault.
12:47 of 2nd period - Stopped by Justin Peters without a rebound.
12:48 of 2nd period - Vincent Trocheck wins face-off versus Jordan Schroeder in Senators zone.
13:13 of 2nd period - Tomas Jurco is hit by John Ramage and loses puck.
13:20 of 2nd period - Wrist shot by Erik Condra.
13:20 of 2nd period - Shot Misses the Net.
13:22 of 2nd period - Wrist shot by Erik Condra.
13:22 of 2nd period - Stopped by Justin Peters without a rebound.
13:23 of 2nd period - Erik Condra wins face-off versus Jordan Schroeder in Senators zone.
13:28 of 2nd period - Slapshot by Jonathan Marchessault.
13:28 of 2nd period - Goal by Jonathan Marchessault - Senators : 1 - Sewer Rats : 2.
13:29 of 2nd period - Vincent Trocheck wins face-off versus Jordan Schroeder in neutral zone.
13:41 of 2nd period - Off-side.
13:42 of 2nd period - Jordan Schroeder wins face-off versus Vincent Trocheck in neutral zone.
13:45 of 2nd period - Slapshot by Dylan Blujus.
13:45 of 2nd period - Shot Blocked by Ryan Murphy.
14:01 of 2nd period - John Ramage is hit by Jordan Schroeder and loses puck.
14:42 of 2nd period - Snap shot by Dmitrij Jaskin.
14:42 of 2nd period - Stopped by Justin Peters without a rebound.
14:43 of 2nd period - Vincent Trocheck wins face-off versus Jordan Schroeder in Senators zone.
14:44 of 2nd period - Snap shot by Mark Mancari.
14:44 of 2nd period - Shot Misses the Net.
15:08 of 2nd period - Erik Condra is hit by Keegan Lowe and loses puck.
15:14 of 2nd period - Off-side.
15:15 of 2nd period - Vincent Trocheck wins face-off versus Kevin Rooney in neutral zone.
15:18 of 2nd period - Zemgus Girgensons is hit by Vincent Trocheck and loses puck.
15:23 of 2nd period - Snap shot by Vincent Trocheck.
15:23 of 2nd period - Shot Misses the Net.
15:41 of 2nd period - Stefan Elliott is hit by Jack Dougherty and loses puck.
16:31 of 2nd period - Slapshot by Kevin Rooney.
16:31 of 2nd period - Stopped by Darcy Kuemper with a rebound.
16:42 of 2nd period - Icing by Ryan Murphy.
16:43 of 2nd period - Jordan Schroeder wins face-off versus Nick Cousins in Sewer Rats zone.
17:08 of 2nd period - Snap shot by Zach Aston-Reese.
17:08 of 2nd period - Shot Blocked by Keegan Lowe.
17:16 of 2nd period - Snap shot by Zachary Sanford.
17:16 of 2nd period - Stopped by Darcy Kuemper with a rebound.
17:18 of 2nd period - Slapshot by Keegan Lowe.
17:18 of 2nd period - Stopped by Darcy Kuemper with a rebound.
17:32 of 2nd period - Slapshot by Jack Dougherty.
17:32 of 2nd period - Stopped by Darcy Kuemper with a rebound.
17:52 of 2nd period - Jordan Schroeder is hit by Dmitrij Jaskin and loses puck.
18:00 of 2nd period - Minor Penalty to Jonathan Ferland for Holding.
18:01 of 2nd period - Joel Eriksson Ek wins face-off versus Vincent Trocheck in Senators zone.
18:01 of 2nd period - Joel Eriksson Ek is hit by Mark Mancari.
18:26 of 2nd period - Joel Edmundson is hit by Dylan Blujus and loses puck.
0:00 of 3rd period - Penalty to Jonathan Ferland is over, Jonathan Ferland is back on ice.
Goals for this period are 1 for Senators vs 2 for Sewer Rats.
Shots for this period are 20 for Senators vs 10 for Sewer Rats.
3rd period
0:01 of 3rd period - Vincent Trocheck wins face-off versus Jordan Schroeder in neutral zone.
1:12 of 3rd period - Snap shot by Dylan Blujus.
1:12 of 3rd period - Shot Blocked by Connor Carrick.
2:23 of 3rd period - Icing by Dylan Blujus.
2:24 of 3rd period - Anthony Richard wins face-off versus Zach Aston-Reese in Senators zone.
2:35 of 3rd period - Backhand shot by A.J. Jenks.
2:35 of 3rd period - Shot Misses the Net.
2:54 of 3rd period - Snap shot by Vincent Trocheck.
2:54 of 3rd period - Shot Blocked by Keegan Lowe.
3:21 of 3rd period - Slapshot by Zemgus Girgensons.
3:21 of 3rd period - Shot Misses the Net.
4:22 of 3rd period - Icing by Jonathan Ferland.
4:23 of 3rd period - Jonathan Marchessault wins face-off versus Jordan Schroeder in Senators zone.
4:36 of 3rd period - Snap shot by Erik Condra.
4:36 of 3rd period - Shot Blocked by Adam Ollas-Mattsson.
4:56 of 3rd period - Wrist shot by Kevin Rooney.
4:56 of 3rd period - Shot Misses the Net.
5:14 of 3rd period - Zachary Sanford is hit by Anthony Duclair and loses puck.
5:34 of 3rd period - Icing by Zachary Sanford.
5:35 of 3rd period - Chandler Stephenson wins face-off versus Zach Aston-Reese in Senators zone.
5:40 of 3rd period - Joel Edmundson is hit by Jordan Schroeder and loses puck.
7:21 of 3rd period - Wrist shot by Daniel Carr.
7:21 of 3rd period - Stopped by Justin Peters without a rebound.
7:22 of 3rd period - Jonathan Ferland wins face-off versus Vincent Trocheck in Senators zone.
7:52 of 3rd period - Snap shot by Erik Condra.
7:52 of 3rd period - Deflect By Joseph Blandisi.
7:52 of 3rd period - Shot Misses the Net.
7:52 of 3rd period - Puck is out of play.
7:53 of 3rd period - Kevin Rooney wins face-off versus Vincent Trocheck in Senators zone.
7:58 of 3rd period - Tomas Jurco is hit by Mark Mancari and loses puck.
8:11 of 3rd period - Wrist shot by Tomas Jurco.
8:11 of 3rd period - Shot Misses the Net.
8:19 of 3rd period - Slapshot by Tomas Jurco.
8:19 of 3rd period - Stopped by Darcy Kuemper without a rebound.
8:20 of 3rd period - Jordan Schroeder wins face-off versus Jonathan Marchessault in Sewer Rats zone.
9:17 of 3rd period - Snap shot by Vincent Trocheck.
9:17 of 3rd period - Shot Misses the Net.
9:31 of 3rd period - Snap shot by Nick Cousins.
9:31 of 3rd period - Shot Misses the Net.
10:53 of 3rd period - Slapshot by Erik Condra.
10:53 of 3rd period - Shot Misses the Net.
10:55 of 3rd period - Slapshot by Jonathan Marchessault.
10:55 of 3rd period - Shot Misses the Net.
10:57 of 3rd period - Backhand shot by Joseph Blandisi.
10:57 of 3rd period - Stopped by Justin Peters without a rebound.
10:58 of 3rd period - Vincent Trocheck wins face-off versus Jordan Schroeder in Senators zone.
11:01 of 3rd period - Wrist shot by Mark Mancari.
11:01 of 3rd period - Stopped by Justin Peters without a rebound.
11:02 of 3rd period - Daniel Carr wins face-off versus Jordan Schroeder in Senators zone.
11:03 of 3rd period - Snap shot by Mark Mancari.
11:03 of 3rd period - Stopped by Justin Peters without a rebound.
11:04 of 3rd period - Jordan Schroeder wins face-off versus Vincent Trocheck in Senators zone.
11:34 of 3rd period - Zachary Sanford is hit by Dmitrij Jaskin and loses puck.
12:25 of 3rd period - Slapshot by Jonathan Ferland.
12:25 of 3rd period - Deflect By Jordan Schroeder.
12:25 of 3rd period - Shot Blocked by Jarred Tinordi.
12:25 of 3rd period - Puck is out of play.
12:26 of 3rd period - Jordan Schroeder wins face-off versus Jonathan Marchessault in Sewer Rats zone.
12:39 of 3rd period - Joonas Lyytinen is hit by Ryan Murphy and loses puck.
12:49 of 3rd period - Icing by Nick Foligno.
12:50 of 3rd period - Vincent Trocheck wins face-off versus Anthony Richard in Senators zone.
12:51 of 3rd period - Slapshot by Thomas Chabot.
12:51 of 3rd period - Goal by Thomas Chabot - Senators : 1 - Sewer Rats : 3.
12:52 of 3rd period - Vincent Trocheck wins face-off versus Jordan Schroeder in neutral zone.
13:17 of 3rd period - Slapshot by Erik Condra.
13:17 of 3rd period - Stopped by Justin Peters without a rebound.
13:18 of 3rd period - Kevin Rooney wins face-off versus Jonathan Marchessault in Senators zone.
13:18 of 3rd period - Kevin Rooney is hit by Jarred Tinordi.
13:29 of 3rd period - Jack Dougherty is hit by Joseph Blandisi and loses puck.
13:49 of 3rd period - Jack Dougherty is hit by Jarred Tinordi and loses puck.
14:06 of 3rd period - Slapshot by Zachary Sanford.
14:06 of 3rd period - Stopped by Darcy Kuemper without a rebound.
14:07 of 3rd period - Chandler Stephenson wins face-off versus Drake Caggiula in Sewer Rats zone.
14:40 of 3rd period - Wrist shot by Dylan Blujus.
14:40 of 3rd period - Deflect By Nick Foligno.
14:40 of 3rd period - Stopped by Darcy Kuemper without a rebound.
14:41 of 3rd period - Kevin Rooney wins face-off versus Vincent Trocheck in Sewer Rats zone.
14:42 of 3rd period - Snap shot by Tomas Jurco.
14:42 of 3rd period - Stopped by Darcy Kuemper without a rebound.
14:43 of 3rd period - Vincent Trocheck wins face-off versus Kevin Rooney in Sewer Rats zone.
14:43 of 3rd period - Vincent Trocheck is hit by Kevin Rooney.
15:11 of 3rd period - Snap shot by Dmitrij Jaskin.
15:11 of 3rd period - Stopped by Justin Peters with a rebound.
15:24 of 3rd period - Minor Penalty to Jarred Tinordi for Interference.
15:25 of 3rd period - Jordan Schroeder wins face-off versus Vincent Trocheck in Sewer Rats zone.
15:34 of 3rd period - Snap shot by Jordan Schroeder.
15:34 of 3rd period - Stopped by Darcy Kuemper without a rebound.
15:35 of 3rd period - Jordan Schroeder wins face-off versus Vincent Trocheck in Sewer Rats zone.
15:52 of 3rd period - Slapshot by Jonathan Ferland.
15:52 of 3rd period - Shot Misses the Net.
15:54 of 3rd period - Slapshot by Dylan Blujus.
15:54 of 3rd period - Deflect By Vincent Trocheck.
15:54 of 3rd period - Stopped by Darcy Kuemper without a rebound.
15:55 of 3rd period - Kevin Rooney wins face-off versus Vincent Trocheck in Sewer Rats zone.
16:10 of 3rd period - Snap shot by Tomas Jurco.
16:10 of 3rd period - Shot Misses the Net.
16:34 of 3rd period - Snap shot by Nick Foligno.
16:34 of 3rd period - Stopped by Darcy Kuemper with a rebound.
16:36 of 3rd period - Backhand shot by Jonathan Ferland.
16:36 of 3rd period - Shot Blocked by Thomas Chabot.
17:24 of 3rd period - Penalty to Jarred Tinordi is over, Jarred Tinordi is back on ice.
17:27 of 3rd period - Jarred Tinordi is hit by Keegan Lowe.
17:38 of 3rd period - Off-side.
17:39 of 3rd period - Chandler Stephenson wins face-off versus Drake Caggiula in neutral zone.
17:50 of 3rd period - Wrist shot by Zachary Sanford.
17:50 of 3rd period - Deflect By Chandler Stephenson.
17:50 of 3rd period - Shot Misses the Net.
17:50 of 3rd period - Puck is out of play.
17:51 of 3rd period - Chandler Stephenson wins face-off versus Drake Caggiula in Sewer Rats zone.
18:05 of 3rd period - Minor Penalty to Drake Caggiula for Tripping.
18:06 of 3rd period - Nick Foligno wins face-off versus Vincent Trocheck in Sewer Rats zone.
18:32 of 3rd period - Tomas Jurco is hit by Jarred Tinordi and loses puck.
19:15 of 3rd period - Nick Cousins is hit by Jonathan Ferland and loses puck.
Goals for this period are 0 for Senators vs 1 for Sewer Rats.
Shots for this period are 7 for Senators vs 7 for Sewer Rats.